Unix NetHack Version 5.0.0-0 post-release - last build Jun 10 2026 00:39:30 (3ee93aec679c4c4259841fe613dc97188e26a321,branch:main).

Game began 2026-06-10 00:46:25, ended 2026-06-10 22:31:01.

Daltwisney, chaotic female elven Wizard

                        ---------------------------------
                        |...............................|#
      $                 |.----....------|--------.....{.|#
                        |.|  |....|.[)|..|...|  +.......|#
                        |.|  |---.|.%[|..|...|  |........###
                        |.|  |..|.-./%|--- ..|---.-----.|# #
                        ..--+|..|[-----  ---|-....-.%!|.|# #
                        |....-|--..|  |  |........|.%%|.|# #
                        ...........-..|-+-.-----..-----.|# #
                        |.{..-|--.----|)...| ..|........|# ####-----------
                    `  #.....|..|.|...-....-...|.-%---..|#    #..........|
                        |.--||..|.|...|.--------.|@((|..|#     |<........|
     )                  |.| .|..|.|.).|.)..|..|..|(((|..|######-.........|
  )                     |.|..|---.|[..|.|..|..|..|(((|..|#     |.........|
                        |.----....-----.----|--..-----..|####  ..........|
                        |...............................|      -----------
                        ---------------------------------

Daltwisney the Thaumaturge  St:12 Dx:11 Co:18 In:16 Wi:14 Ch:10  Chaotic
Dlvl:6  $:70 HP:44(44) Pw:73(73) AC:5  Xp:6 T:2467  Lev

Latest messages:
 Status of Daltwisney (piously chaotic):  Level 6  HP 28(44)  AC 5, invisible.
 You see here an uncursed oil lamp (for sale, 13 zorkmids).
 You see here an uncursed oil lamp (for sale, 13 zorkmids).
 What do you want to drink? [f or ?*] f
 You start to float in the air!
 You do not owe Izchak anything.
 You do not owe Izchak anything.
 Are you sure you want to pray? [yn] (n) y
 You begin praying to Anhur.
 You are surrounded by a shimmering light.
 You finish your prayer.
 You feel that Anhur is well-pleased.
 What do you want to read? [lmy or ?*] y
 As you read the scroll, it disappears.
 A lit field surrounds you!
 You hear someone praising Anhur.
 "An uncursed oil lamp, price 13 zorkmids, superb craftsmanship!"
 What do you want to use or apply? [cl-qACE or ?*] ^A
 You don't have that object.
 What do you want to use or apply? [cl-qACE or ?*] a
 Sorry, I don't know how to use that.
 What do you want to use or apply? [cl-qACE or ?*] A
 In what direction? 4
 Status of Izchak (neutral, medium):  Level 11  HP 50(50)  AC 0, peaceful.
 What do you want to drop? [$a-gl-qs-uwzA-EGH or ?*] E
 You drop 2 candles.
 2 candles hit the floor.
 Izchak offers 10 gold pieces for your candles.  Sell them? [ynaq] (n) y
 You sold 2 candles for 10 gold pieces.
 You do not owe Izchak anything.
 You do not owe Izchak anything.
 You do not owe Izchak anything.
 You do not owe Izchak anything.
 You do not owe Izchak anything.
 You do not owe Izchak anything.
 You do not owe Izchak anything.
 You do not owe Izchak anything.
 You do not owe Izchak anything.
 You do not owe Izchak anything.
 What do you want to dip? [a-cfgl-qs-uwzA-DGH or ?*] <enter>
 Never mind.
 What do you want to write with? [- ac-enzBH or ?*] <enter>
 Never mind.
 Really quit without saving? [yn] (n) y
 Izchak gratefully inherits all your possessions.
 Do you want to see what you had when you quit? [ynq] (y) y
 Do you want to see your attributes? [ynq] (y) y
 Do you want an account of creatures vanquished? [ynaq] (y) n
 Do you want to see your conduct and achievements? [ynq] (y) n
 Do you want to see the dungeon overview? [ynq] (y) n

Inventory:
 Coins    ('$')
  $ - 70 gold pieces
 Weapons  (')')
  B - a rustproof +0 dagger
  z - 14 +1 daggers
  H - 3 +0 daggers
  a - a blessed +1 quarterstaff (weapon in hands)
 Armor    ('[')
  w - an uncursed rusty +0 dwarvish iron helm (being worn)
  D - an uncursed +0 pair of leather gloves (being worn)
  g - an uncursed +0 pair of iron shoes (being worn)
  b - an uncursed +0 cloak of magic resistance (being worn)
 Comestibles  ('%')
  t - 3 uncursed food rations
  u - an uncursed lembas wafer
  G - an uncursed tripe ration
  s - 2 uncursed lichen corpses
 Spellbooks  ('+')
  l - a blessed spellbook of force bolt
  m - an uncursed spellbook of remove curse
 Potions  ('!')
  f - an uncursed potion of levitation
 Rings    ('=')
  d - an uncursed +3 ring of gain constitution (on right hand)
  e - an uncursed +1 ring of gain strength (on left hand)
 Wands    ('/')
  c - a wand of cancellation (0:4)
 Tools    ('(')
  o - an uncursed wooden flute
  q - an uncursed blindfold
  C - an uncursed blindfold
  n - a magic marker (0:19)
  p - an uncursed pair of lenses
  A - an uncursed stethoscope

Daltwisney the Wizard's attributes:

Background:
 You were a Thaumaturge, a level 6 female elven Wizard.
 You were chaotic, on a mission for Anhur
 who was opposed by Ptah (lawful) and Thoth (neutral).
 You were right-handed.
 You were in the Gnomish Mines, on level 6.
 You entered the dungeon 2467 turns ago.
 It was nighttime.
 You had 614 experience points, 26 more were needed to attain level 7.

Basics:
 You had all 44 hit points.
 You had all 73 energy points (spell power).
 Your armor class was 5.
 Your wallet contained 70 zorkmids.
 Autopickup was off.

Final Characteristics:
 Your strength was 12 (base:11, limit:18).
 Your dexterity was 11 (limit:18).
 Your constitution was 18 (base:15, innate limit:16).
 Your intelligence was 16 (limit:20).
 Your wisdom was 14 (limit:20).
 Your charisma was 10 (limit:18).

Final Status:
 You were levitating.
 You weren't hungry.
 You were unencumbered.
 You were wielding a quarterstaff.
 You were skilled in quarterstaff.

Final Attributes:
 You were piously aligned.
 You were magic-protected.
 You were sleep resistant.
 You were telepathic.
 You had infravision.
 You were invisible.
 You were warded.
 You survived.

Miscellaneous:
 You didn't encounter any bones levels.
 Total elapsed playing time was 1 hour, 1 minute and 10 seconds.

Major events:
 Turn
    1: Daltwisney the chaotic female elven Wizard entered the dungeon
  413: entered the Gnomish Mines
  442: attained the rank of Conjurer (level 3)
  885: reached Mine Town
  936: attained the rank of Thaumaturge (level 6)
 2467: quit

Spells:
 Name                 Level Category     Fail Retention
 force bolt             1   attack         0%   81%-90%
 remove curse           3   clerical      96%  76%-100%

Skills:
 Fighting Skills
   bare handed combat [Unskilled]
   riding             [Unskilled]
 Weapon Skills
   dagger             [Unskilled]
   knife              [Unskilled]
   axe                [Unskilled]
   short sword        [Unskilled]
   club               [Unskilled]
   mace               [Unskilled]
   quarterstaff       [Skilled]
   polearms           [Unskilled]
   spear              [Unskilled]
   trident            [Unskilled]
   sling              [Unskilled]
   dart               [Unskilled]
   shuriken           [Unskilled]
 Spellcasting Skills
   attack spells      [Basic]
   healing spells     [Unskilled]
   divination spells  [Unskilled]
   enchantment spells [Basic]
   clerical spells    [Unskilled]
   escape spells      [Unskilled]
   matter spells      [Unskilled]

Voluntary challenges:
 Character rerolling was not enabled.
 You never genocided any monsters.
 You never polymorphed an object.
 You never changed form.
 You used no wishes.
Achievements:
 You entered the Gnomish Mines.
 You attained the rank of Conjurer.
 You entered Minetown.
 You entered a temple.
 You attained the rank of Thaumaturge.
 You entered a shop.

 The Dungeons of Doom: levels 1 to 2
    Level 1:
    Level 2:
       Many fountains.
       Stairs down to The Gnomish Mines.
 The Gnomish Mines: levels 3 to 6
    Level 3:
    Level 4:
    Level 5:
    Level 6: <- You were here.
       Many shops, a temple and an altar to Anhur, some fountains.


Vanquished creatures:
  a giant beetle
  a rock mole
  5 gnome leaders
  2 gnomish wizards
 an elf zombie
  a giant ant
  3 floating eyes
  7 dwarves
  a dwarf zombie
  2 iguanas
  a hobbit
  a hobgoblin
  a giant rat
 32 gnomes
  a gnome zombie
  3 geckos
  7 jackals
  2 kobolds
  a goblin
  3 grid bugs
  6 lichens
  3 newts
85 creatures vanquished.

No species were genocided or became extinct.

Goodbye Daltwisney the Wizard...

You quit in The Gnomish Mines on dungeon level 6 with 2786 points,
and 70 pieces of gold, after 2467 moves.
You were level 6 with a maximum of 44 hit points when you quit.

